AoeStats
← Tatouwhippin

Black Forest

509648979Analyzed
2v2 RM · 3d ago on Sep 27, 2026· 32m 48s· 4 players
Game mode
Random Map
Map size
Medium (4 player)
Population
200
Speed
Normal
Resources
Standard
Victory
Conquest
Starting age
Dark Age
Ending age
Imperial Age
RankedLock teamsTeams togetherTeam positionsShared explorationLock speedFull tech treeHidden civsTurbo modeCheats
Victory
Defeat
🇫🇷 Bohemians · France
733
+13
🇫🇷 Persians · France
723
+13
🇧🇷 Britons · Brazil
672
-13
🇮🇹 Spanish · Italy
669
-26
alexdivitamc
11:56 Loom
16:42 Feudal Age
18:03 Horse Collar
18:11 Double-Bit Axe
28:19 Forging
Ironkinghard
13:51 Feudal Age
15:12 Wheelbarrow
15:22 Wheelbarrow
14:42 Double-Bit Axe
14:42 Horse Collar
15:00 Gold Mining
20:39 Castle Age
21:43 Pikeman
24:16 Elite Skirmisher
25:14 Heavy Plow
25:36 Bow Saw
Tatouwhippin
5:54 Loom
10:34 Feudal Age
10:54 Double-Bit Axe
10:54 Horse Collar
19:30 Castle Age
20:07 Bow Saw
19:54 Stone Mining
21:44 Wheelbarrow
24:09 Gold Mining
Razen
5:18 Loom
11:05 Feudal Age
16:50 Castle Age
25:21 Redemption
27:24 Sanctity
Connection lost

Rejoining the realm…

Still unreachable

The connection could not be restored.

Session expired

The server has moved on; the page needs a fresh start.